Unix NetHack Version 3.7.0-62 Work-in-progress - last build Aug 24 2022 02:59:55 (1754fd7919031489bd266d173cb7fe17fa02ec73,branch:master).

Game began 2022-08-23 15:37:56, ended 2022-08-24 17:01:55.

rustyspoon, neutral female gnomish Healer

  
unexplored area
unexplored area
unexplored area
unexplored area
unexplored area
unexplored area
unexplored area
unexplored area
unexplored area
unexplored area
unexplored area
unexplored area
unexplored area
unexplored area
unexplored area
unexplored area
unexplored area
unexplored area
unexplored area
stone
stone
stone
unexplored area
unexplored area
unexplored area
unexplored area
unexplored area
unexplored area
unexplored area
unexplored area
unexplored area
unexplored area
unexplored area
unexplored area
unexplored area
unexplored area
unexplored area
unexplored area
unexplored area
unexplored area
unexplored area
unexplored area
unexplored area
unexplored area
unexplored area
unexplored area
unexplored area
unexplored area
unexplored area
unexplored area
unexplored area
unexplored area
unexplored area
unexplored area
unexplored area
unexplored area
unexplored area
unexplored area
unexplored area
unexplored area
unexplored area
unexplored area
unexplored area
unexplored area
unexplored area
unexplored area
unexplored area
unexplored area
unexplored area
unexplored area
unexplored area
unexplored area
unexplored area
unexplored area
unexplored area
unexplored area
unexplored area
unexplored area
unexplored area
unexplored area
unexplored area
unexplored area
unexplored area
unexplored area
unexplored area
unexplored area
unexplored area
unexplored area
unexplored area
unexplored area
unexplored area
unexplored area
unexplored area
unexplored area
unexplored area
unexplored area
unexplored area
unexplored area
stone
corridor
stone
unexplored area
unexplored area
unexplored area
unexplored area
unexplored area
unexplored area
unexplored area
unexplored area
unexplored area
unexplored area
unexplored area
unexplored area
unexplored area
unexplored area
unexplored area
unexplored area
unexplored area
unexplored area
unexplored area
unexplored area
unexplored area
unexplored area
unexplored area
unexplored area
unexplored area
unexplored area
unexplored area
unexplored area
unexplored area
unexplored area
wall
wall
wall
wall
wall
wall
wall
wall
wall
wall
wall
wall
unexplored area
unexplored area
unexplored area
unexplored area
unexplored area
unexplored area
unexplored area
unexplored area
unexplored area
unexplored area
unexplored area
unexplored area
unexplored area
unexplored area
unexplored area
unexplored area
unexplored area
unexplored area
unexplored area
unexplored area
unexplored area
unexplored area
unexplored area
unexplored area
unexplored area
unexplored area
unexplored area
unexplored area
unexplored area
unexplored area
unexplored area
unexplored area
unexplored area
unexplored area
stone
corridor
wall
wall
wall
wall
wall
wall
wall
wall
wall
wall
wall
wall
stone
stone
stone
stone
stone
stone
stone
wall
wall
wall
wall
wall
wall
wall
stone
stone
unexplored area
unexplored area
unexplored area
wall
.dark part of a room
.dark part of a room
.dark part of a room
*31 rocks
.dark part of a room
.dark part of a room
.dark part of a room
.dark part of a room
.dark part of a room
.dark part of a room
wall
unexplored area
unexplored area
unexplored area
unexplored area
unexplored area
unexplored area
unexplored area
unexplored area
unexplored area
unexplored area
unexplored area
unexplored area
unexplored area
unexplored area
unexplored area
unexplored area
unexplored area
unexplored area
unexplored area
unexplored area
unexplored area
unexplored area
unexplored area
wall
wall
wall
wall
wall
wall
unexplored area
unexplored area
unexplored area
unexplored area
unexplored area
stone
corridor
-open door
.dark part of a room
.dark part of a room
.dark part of a room
.dark part of a room
.dark part of a room
.dark part of a room
.dark part of a room
.dark part of a room
.dark part of a room
.dark part of a room
-open door
corridor
corridor
corridor
corridor
corridor
corridor
corridor
-open door
.dark part of a room
.dark part of a room
|grave
.dark part of a room
.dark part of a room
.doorway
corridor
stone
stone
stone
stone
wall
.dark part of a room
.dark part of a room
.dark part of a room
.dark part of a room
<staircase up
.dark part of a room
.dark part of a room
.dark part of a room
.dark part of a room
.dark part of a room
wall
unexplored area
unexplored area
unexplored area
unexplored area
unexplored area
unexplored area
unexplored area
unexplored area
unexplored area
unexplored area
unexplored area
unexplored area
unexplored area
unexplored area
unexplored area
unexplored area
unexplored area
unexplored area
unexplored area
unexplored area
unexplored area
unexplored area
unexplored area
wall
.dark part of a room
.dark part of a room
.dark part of a room
>staircase down
wall
stone
unexplored area
unexplored area
stone
stone
stone
corridor
wall
.dark part of a room
%a quasit corpse
.dark part of a room
.dark part of a room
.dark part of a room
.dark part of a room
.dark part of a room
.dark part of a room
.dark part of a room
.dark part of a room
wall
stone
stone
stone
stone
stone
stone
stone
wall
.dark part of a room
.dark part of a room
{sink
.dark part of a room
.dark part of a room
wall
corridor
corridor
corridor
corridor
corridor
.doorway
.dark part of a room
.dark part of a room
.dark part of a room
.dark part of a room
.dark part of a room
.dark part of a room
.dark part of a room
.dark part of a room
.dark part of a room
.dark part of a room
wall
unexplored area
unexplored area
unexplored area
unexplored area
unexplored area
unexplored area
unexplored area
unexplored area
unexplored area
unexplored area
unexplored area
unexplored area
unexplored area
unexplored area
unexplored area
unexplored area
unexplored area
unexplored area
unexplored area
unexplored area
unexplored area
unexplored area
unexplored area
wall
.dark part of a room
.dark part of a room
.dark part of a room
.dark part of a room
.doorway
corridor
unexplored area
unexplored area
corridor
corridor
corridor
corridor
wall
.dark part of a room
.dark part of a room
.dark part of a room
.dark part of a room
.dark part of a room
.dark part of a room
.dark part of a room
.dark part of a room
.dark part of a room
.dark part of a room
wall
unexplored area
unexplored area
unexplored area
unexplored area
unexplored area
unexplored area
unexplored area
wall
.dark part of a room
.dark part of a room
.dark part of a room
.dark part of a room
.dark part of a room
wall
stone
stone
stone
stone
stone
wall
wall
wall
wall
wall
wall
wall
wall
wall
wall
wall
wall
unexplored area
unexplored area
unexplored area
unexplored area
unexplored area
unexplored area
unexplored area
unexplored area
unexplored area
unexplored area
unexplored area
unexplored area
unexplored area
unexplored area
unexplored area
unexplored area
unexplored area
unexplored area
unexplored area
unexplored area
unexplored area
unexplored area
unexplored area
wall
.doorway
wall
|open door
wall
wall
stone
unexplored area
unexplored area
stone
stone
corridor
corridor
wall
.doorway
wall
wall
wall
.doorway
wall
wall
wall
wall
wall
wall
unexplored area
unexplored area
unexplored area
unexplored area
unexplored area
unexplored area
unexplored area
wall
.dark part of a room
.dark part of a room
.dark part of a room
.dark part of a room
.dark part of a room
wall
unexplored area
unexplored area
unexplored area
unexplored area
unexplored area
unexplored area
unexplored area
unexplored area
unexplored area
unexplored area
unexplored area
unexplored area
unexplored area
unexplored area
unexplored area
unexplored area
unexplored area
unexplored area
unexplored area
unexplored area
unexplored area
unexplored area
unexplored area
unexplored area
unexplored area
unexplored area
unexplored area
unexplored area
unexplored area
unexplored area
unexplored area
unexplored area
unexplored area
unexplored area
unexplored area
unexplored area
unexplored area
unexplored area
unexplored area
unexplored area
unexplored area
unexplored area
stone
corridor
corridor
stone
stone
stone
stone
stone
stone
corridor
stone
stone
corridor
stone
unexplored area
stone
corridor
unexplored area
unexplored area
unexplored area
unexplored area
unexplored area
unexplored area
unexplored area
unexplored area
unexplored area
unexplored area
unexplored area
unexplored area
unexplored area
wall
wall
.doorway
wall
wall
wall
wall
unexplored area
unexplored area
unexplored area
unexplored area
unexplored area
unexplored area
unexplored area
unexplored area
unexplored area
unexplored area
unexplored area
unexplored area
unexplored area
unexplored area
unexplored area
unexplored area
unexplored area
unexplored area
unexplored area
unexplored area
unexplored area
unexplored area
unexplored area
unexplored area
unexplored area
unexplored area
unexplored area
unexplored area
unexplored area
unexplored area
unexplored area
unexplored area
unexplored area
unexplored area
unexplored area
unexplored area
unexplored area
unexplored area
unexplored area
unexplored area
unexplored area
unexplored area
stone
corridor
corridor
corridor
corridor
corridor
corridor
stone
corridor
corridor
stone
unexplored area
unexplored area
unexplored area
unexplored area
unexplored area
unexplored area
unexplored area
unexplored area
unexplored area
unexplored area
unexplored area
unexplored area
unexplored area
unexplored area
unexplored area
unexplored area
unexplored area
unexplored area
unexplored area
unexplored area
unexplored area
unexplored area
unexplored area
unexplored area
unexplored area
unexplored area
unexplored area
unexplored area
unexplored area
unexplored area
unexplored area
unexplored area
unexplored area
unexplored area
unexplored area
unexplored area
unexplored area
unexplored area
unexplored area
unexplored area
unexplored area
unexplored area
unexplored area
unexplored area
unexplored area
unexplored area
unexplored area
unexplored area
unexplored area
unexplored area
unexplored area
unexplored area
unexplored area
unexplored area
unexplored area
unexplored area
unexplored area
unexplored area
unexplored area
unexplored area
unexplored area
unexplored area
unexplored area
unexplored area
unexplored area
unexplored area
unexplored area
unexplored area
stone
stone
corridor
stone
stone
stone
corridor
corridor
corridor
stone
stone
stone
corridor
corridor
corridor
corridor
unexplored area
unexplored area
unexplored area
unexplored area
unexplored area
unexplored area
unexplored area
unexplored area
unexplored area
unexplored area
unexplored area
unexplored area
unexplored area
unexplored area
unexplored area
unexplored area
unexplored area
unexplored area
unexplored area
unexplored area
unexplored area
unexplored area
unexplored area
unexplored area
unexplored area
unexplored area
unexplored area
unexplored area
unexplored area
unexplored area
unexplored area
unexplored area
unexplored area
unexplored area
unexplored area
unexplored area
unexplored area
unexplored area
unexplored area
unexplored area
unexplored area
unexplored area
unexplored area
unexplored area
unexplored area
unexplored area
unexplored area
unexplored area
unexplored area
unexplored area
unexplored area
unexplored area
unexplored area
unexplored area
unexplored area
unexplored area
unexplored area
unexplored area
unexplored area
unexplored area
unexplored area
unexplored area
unexplored area
unexplored area
stone
corridor
corridor
stone
stone
stone
corridor
corridor
corridor
corridor
corridor
corridor
corridor
corridor
corridor
corridor
corridor
lit corridor
stone
stone
stone
corridor
corridor
unexplored area
unexplored area
unexplored area
unexplored area
unexplored area
unexplored area
unexplored area
unexplored area
unexplored area
unexplored area
unexplored area
unexplored area
unexplored area
unexplored area
unexplored area
unexplored area
unexplored area
unexplored area
unexplored area
unexplored area
unexplored area
unexplored area
unexplored area
unexplored area
unexplored area
unexplored area
unexplored area
unexplored area
unexplored area
unexplored area
unexplored area
unexplored area
unexplored area
unexplored area
unexplored area
unexplored area
unexplored area
unexplored area
unexplored area
unexplored area
unexplored area
unexplored area
unexplored area
unexplored area
unexplored area
unexplored area
unexplored area
unexplored area
unexplored area
unexplored area
unexplored area
unexplored area
unexplored area
unexplored area
unexplored area
wall
wall
wall
.doorway
wall
wall
wall
wall
corridor
stone
stone
stone
stone
stone
stone
corridor
corridor
corridor
Hminotaur
@gnomish healer called rustyspoon
lit corridor
corridor
%a homunculus corpse
corridor
unexplored area
unexplored area
unexplored area
unexplored area
unexplored area
unexplored area
unexplored area
unexplored area
unexplored area
unexplored area
unexplored area
unexplored area
unexplored area
unexplored area
unexplored area
unexplored area
unexplored area
unexplored area
unexplored area
unexplored area
unexplored area
unexplored area
unexplored area
unexplored area
unexplored area
unexplored area
unexplored area
unexplored area
unexplored area
unexplored area
unexplored area
unexplored area
unexplored area
unexplored area
unexplored area
unexplored area
unexplored area
unexplored area
unexplored area
unexplored area
unexplored area
unexplored area
unexplored area
unexplored area
unexplored area
unexplored area
unexplored area
unexplored area
unexplored area
unexplored area
unexplored area
unexplored area
unexplored area
unexplored area
unexplored area
wall
.dark part of a room
.dark part of a room
.dark part of a room
.dark part of a room
.dark part of a room
.dark part of a room
-open door
corridor
stone
unexplored area
unexplored area
unexplored area
unexplored area
stone
stone
stone
stone
stone
stone
.doorway
stone
.doorway
stone
unexplored area
unexplored area
unexplored area
unexplored area
unexplored area
unexplored area
unexplored area
unexplored area
unexplored area
unexplored area
unexplored area
unexplored area
unexplored area
unexplored area
unexplored area
unexplored area
unexplored area
unexplored area
unexplored area
unexplored area
unexplored area
unexplored area
unexplored area
unexplored area
unexplored area
unexplored area
unexplored area
unexplored area
unexplored area
unexplored area
unexplored area
unexplored area
unexplored area
unexplored area
unexplored area
unexplored area
unexplored area
unexplored area
unexplored area
unexplored area
unexplored area
unexplored area
unexplored area
unexplored area
unexplored area
unexplored area
unexplored area
unexplored area
unexplored area
unexplored area
unexplored area
unexplored area
unexplored area
unexplored area
unexplored area
wall
.dark part of a room
.dark part of a room
.dark part of a room
.dark part of a room
.dark part of a room
.dark part of a room
wall
stone
stone
unexplored area
unexplored area
unexplored area
unexplored area
unexplored area
unexplored area
unexplored area
unexplored area
unexplored area
wall
.floor of a room
.floor of a room
.dark part of a room
.dark part of a room
unexplored area
unexplored area
unexplored area
unexplored area
unexplored area
unexplored area
unexplored area
unexplored area
unexplored area
unexplored area
unexplored area
unexplored area
unexplored area
unexplored area
unexplored area
unexplored area
unexplored area
unexplored area
unexplored area
unexplored area
unexplored area
unexplored area
unexplored area
unexplored area
unexplored area
unexplored area
unexplored area
unexplored area
unexplored area
unexplored area
unexplored area
unexplored area
unexplored area
unexplored area
unexplored area
unexplored area
unexplored area
unexplored area
unexplored area
unexplored area
unexplored area
unexplored area
unexplored area
unexplored area
unexplored area
unexplored area
unexplored area
unexplored area
unexplored area
unexplored area
unexplored area
unexplored area
unexplored area
unexplored area
unexplored area
wall
.dark part of a room
.dark part of a room
.dark part of a room
.dark part of a room
.dark part of a room
.dark part of a room
wall
unexplored area
unexplored area
unexplored area
unexplored area
unexplored area
unexplored area
unexplored area
unexplored area
unexplored area
unexplored area
unexplored area
wall
.dark part of a room
.floor of a room
.floor of a room
.floor of a room
.dark part of a room
.dark part of a room
unexplored area
unexplored area
unexplored area
unexplored area
unexplored area
unexplored area
unexplored area
unexplored area
unexplored area
unexplored area
unexplored area
unexplored area
unexplored area
unexplored area
unexplored area
unexplored area
unexplored area
unexplored area
unexplored area
unexplored area
unexplored area
unexplored area
unexplored area
unexplored area
unexplored area
unexplored area
unexplored area
unexplored area
unexplored area
unexplored area
unexplored area
unexplored area
unexplored area
unexplored area
unexplored area
unexplored area
unexplored area
unexplored area
unexplored area
unexplored area
unexplored area
unexplored area
unexplored area
unexplored area
unexplored area
unexplored area
unexplored area
unexplored area
unexplored area
unexplored area
unexplored area
unexplored area
unexplored area
wall
wall
wall
wall
wall
wall
wall
wall
unexplored area
unexplored area
unexplored area
unexplored area
unexplored area
unexplored area
unexplored area
unexplored area
unexplored area
unexplored area
unexplored area
unexplored area
.dark part of a room
.floor of a room
.floor of a room
.floor of a room
.floor of a room
.dark part of a room
.dark part of a room
unexplored area
unexplored area
unexplored area
unexplored area
unexplored area
unexplored area
unexplored area
unexplored area
unexplored area
unexplored area
unexplored area
unexplored area
unexplored area
unexplored area
unexplored area
unexplored area
unexplored area
unexplored area
unexplored area
unexplored area
unexplored area
unexplored area
unexplored area
unexplored area
unexplored area
unexplored area
unexplored area
unexplored area
unexplored area
unexplored area
unexplored area
unexplored area
unexplored area
unexplored area
unexplored area
unexplored area
unexplored area
unexplored area
unexplored area
unexplored area
unexplored area
unexplored area
unexplored area
unexplored area
unexplored area
unexplored area
unexplored area
unexplored area
unexplored area
unexplored area
unexplored area
unexplored area
unexplored area
unexplored area
unexplored area
unexplored area
unexplored area
unexplored area
unexplored area
unexplored area
unexplored area
unexplored area
unexplored area
unexplored area
unexplored area
unexplored area
unexplored area
unexplored area
unexplored area
unexplored area
unexplored area
wall
wall
wall
wall
wall
wall
wall
wall
wall
unexplored area
unexplored area
unexplored area
unexplored area
unexplored area
unexplored area
unexplored area
unexplored area
unexplored area
unexplored area
unexplored area
unexplored area
unexplored area
unexplored area
unexplored area
unexplored area
unexplored area
unexplored area
unexplored area
unexplored area
unexplored area
unexplored area
unexplored area
unexplored area
unexplored area
unexplored area
unexplored area
unexplored area
unexplored area
unexplored area
unexplored area
unexplored area
unexplored area
unexplored area
unexplored area
unexplored area
unexplored area
unexplored area
unexplored area
unexplored area
unexplored area
unexplored area
unexplored area
unexplored area
unexplored area
unexplored area
unexplored area
unexplored area
unexplored area
unexplored area
unexplored area
unexplored area
unexplored area
unexplored area
unexplored area
unexplored area
unexplored area
unexplored area
unexplored area
unexplored area
unexplored area
unexplored area
unexplored area
unexplored area
unexplored area
unexplored area
unexplored area
unexplored area
unexplored area
unexplored area
unexplored area
unexplored area
unexplored area
unexplored area
unexplored area
unexplored area
unexplored area
unexplored area
unexplored area
unexplored area
unexplored area
unexplored area
unexplored area
unexplored area
unexplored area
unexplored area
unexplored area
unexplored area
unexplored area
unexplored area
unexplored area
unexplored area
unexplored area
unexplored area
unexplored area
unexplored area
unexplored area
unexplored area
unexplored area
unexplored area
unexplored area
unexplored area
unexplored area
unexplored area
unexplored area
unexplored area
unexplored area
unexplored area
unexplored area
unexplored area
unexplored area
unexplored area
unexplored area
unexplored area
unexplored area
unexplored area
unexplored area
unexplored area
unexplored area
unexplored area
unexplored area
unexplored area
unexplored area
unexplored area
unexplored area
unexplored area
unexplored area
unexplored area
unexplored area
unexplored area
unexplored area
unexplored area
unexplored area
unexplored area
unexplored area
unexplored area
unexplored area
unexplored area
unexplored area
unexplored area
unexplored area
unexplored area
unexplored area
unexplored area
unexplored area
unexplored area
unexplored area
unexplored area
unexplored area
unexplored area
unexplored area
unexplored area
unexplored area
unexplored area
unexplored area
unexplored area
unexplored area
unexplored area
unexplored area
unexplored area
unexplored area
unexplored area
unexplored area
unexplored area
unexplored area
unexplored area
unexplored area
unexplored area
unexplored area
unexplored area
unexplored area
unexplored area
unexplored area
unexplored area
unexplored area
unexplored area
unexplored area
unexplored area
unexplored area
unexplored area
unexplored area
unexplored area
unexplored area
unexplored area
unexplored area
unexplored area
unexplored area
unexplored area
unexplored area
unexplored area
unexplored area
unexplored area
unexplored area
unexplored area
unexplored area
unexplored area
unexplored area
unexplored area
unexplored area
unexplored area
unexplored area
unexplored area
unexplored area
unexplored area
unexplored area
unexplored area
unexplored area
unexplored area
unexplored area
unexplored area
unexplored area
unexplored area
unexplored area
unexplored area
unexplored area
unexplored area
unexplored area
unexplored area
unexplored area
unexplored area
unexplored area
unexplored area
unexplored area
unexplored area
unexplored area
unexplored area
unexplored area
unexplored area
unexplored area
unexplored area
unexplored area
unexplored area
unexplored area
unexplored area
unexplored area
unexplored area
unexplored area
unexplored area
unexplored area
unexplored area
unexplored area
unexplored area
unexplored area
unexplored area
unexplored area
unexplored area
unexplored area
unexplored area
unexplored area
unexplored area
unexplored area
unexplored area
unexplored area
unexplored area
unexplored area
unexplored area
unexplored area
unexplored area
unexplored area
unexplored area
unexplored area
unexplored area
unexplored area
unexplored area
unexplored area
unexplored area
unexplored area
unexplored area
unexplored area
unexplored area
unexplored area
unexplored area
unexplored area
unexplored area
unexplored area
unexplored area
unexplored area
unexplored area
unexplored area
unexplored area
unexplored area
unexplored area
unexplored area
unexplored area
unexplored area
unexplored area
unexplored area
unexplored area
unexplored area
unexplored area
unexplored area
unexplored area
unexplored area
unexplored area
unexplored area
unexplored area
unexplored area
unexplored area
unexplored area
unexplored area
unexplored area
unexplored area
unexplored area
unexplored area
unexplored area
unexplored area
unexplored area
unexplored area
unexplored area
unexplored area
unexplored area
unexplored area
unexplored area
unexplored area
unexplored area
unexplored area
unexplored area
unexplored area
unexplored area
unexplored area
unexplored area
unexplored area
unexplored area
unexplored area
unexplored area
unexplored area
unexplored area
unexplored area
unexplored area
unexplored area
unexplored area
unexplored area
unexplored area
unexplored area
unexplored area
unexplored area
unexplored area
unexplored area
unexplored area
unexplored area
unexplored area
unexplored area
unexplored area
unexplored area
unexplored area
unexplored area
unexplored area
unexplored area
unexplored area
unexplored area
unexplored area
unexplored area
unexplored area
unexplored area
unexplored area
unexplored area
unexplored area
[Rustyspoon the Dresser ] St:17 Dx:16 Co:18 In:9 Wi:17 Ch:17 Neutral Dlvl:11 $:0 HP:0(94) Pw:54(54) AC:-3 Xp:11 T:20619

Latest messages:

You descend the stairs.
The ice-cold blade hits the yellow light.
The ice-cold blade hits the yellow light.
The yellow light explodes!
You are blinded by a blast of light!
Pick an object.
What do you want to use or apply? [beksuvx or ?*]
Nothing seems to happen.
What do you want to use or apply? [beksuvx or ?*]
You can see again.
m - an emerald potion.
What do you want to use or apply? [beksuvx or ?*]
What do you want to use or apply? [beksuvx or ?*]
f - an uncursed unicorn horn.
What do you want to dip? [abefkmsuvxC-FL or ?*]
What do you want to dip an uncursed unicorn horn into? [m or ?*]
The emerald potion clears.
m - a potion called water.
What do you want to use or apply? [befksuvx or ?*]
You put a potion called water into the bag called holding.
You suddenly realize it is unnaturally quiet.
What do you want to use or apply? [befksuvx or ?*]
You put an uncursed unicorn horn into the bag called holding.
You climb up the stairs.
You again sense Hippocrates pleading for help.
What do you want to use or apply? [beksuvx or ?*]
Your lamp is now off.
The door opens.
You find a hidden passage.
The homunculus misses!
The ice-cold blade freezes the homunculus!
The ice-cold blade freezes the homunculus!
The homunculus misses!
The ice-cold blade freezes the homunculus!
You kill the homunculus!
You see here a homunculus corpse.
The kobold turns into a minotaur!
The ice-cold blade freezes the minotaur!
The minotaur hits!
The minotaur hits!
The minotaur butts!
The minotaur hits!
The minotaur hits!
The minotaur butts!
The ice-cold blade freezes the minotaur!
The minotaur hits!
The minotaur hits!
The minotaur butts!
You die...
Do you want your possessions identified? [ynq] (y)

Major events:

Turn

1: rustyspoon the neutral female gnomish Healer entered the dungeon
541: entered the Gnomish Mines
2804: reached Mine Town
3914: attained the rank of Empiric (level 3)
6410: entered Sokoban
6751: attained the rank of Embalmer (level 6)
6841: completed sokoban 1
7778: completed sokoban 2
9031: completed sokoban 3
10537: completed sokoban 4
11145: acquired the Sokoban bag of holding
12909: attained the rank of Dresser (level 10)
12914: was bestowed with Giantslayer by Hermes
13839: was bestowed with Werebane by Hermes
15639: acquired the Mines' End luckstone
17976: was bestowed with Frost Brand by Hermes
20619: killed by a chameleon imitating a minotaur

Inventory:

Weapons

a - the uncursed rustproof +0 Frost Brand (weapon in hand)

Armor

B - an uncursed +0 elven mithril-coat (being worn)
C - an uncursed +0 elven cloak (being worn)
D - an uncursed +2 pair of iron shoes (being worn)
E - an uncursed +0 pair of gauntlets of dexterity (being worn)
F - an uncursed +0 elven leather helm (being worn)

Comestibles

L - an uncursed lizard corpse named KFC

Rings

p - an uncursed +1 ring of protection (on right hand)

Tools

b - a blessed bag of holding containing 107 items
e - an uncursed stethoscope
k - an uncursed skeleton key
s - an uncursed sack named cancellation containing 2 items
u - a blessed +0 unicorn horn
v - an uncursed oil lamp

Gems/Stones

x - a blessed luckstone

Contents of the bag of holding:

10533 gold pieces
an uncursed +0 knife
an uncursed +0 scalpel
the uncursed rustproof +0 Giantslayer
the uncursed +0 Werebane
an uncursed +0 elven leather helm
a cursed -3 pair of gauntlets of dexterity
an uncursed +1 pair of leather gloves
an uncursed +0 pair of elven boots
an uncursed +0 alchemy smock with text "Don't mess with the chef"
an uncursed +0 mummy wrapping
6 uncursed food rations
2 uncursed fortune cookies
an uncursed sprig of wolfsbane
4 uncursed tripe rations
an uncursed tin of tengu meat
an uncursed lizard corpse named MCD
an uncursed lizard corpse named BK
an uncursed scroll of gold detection
a cursed scroll of gold detection
a cursed scroll of destroy armor
an uncursed scroll of enchant armor
a blessed scroll of earth
an uncursed scroll of earth
3 uncursed scrolls of identify
an uncursed scroll of scare monster
an uncursed scroll of scare monster
a cursed scroll of blank paper
an uncursed scroll of teleportation
a blessed spellbook of detect monsters
a blessed spellbook of extra healing
a blessed spellbook of healing
a blessed spellbook of stone to flesh
an uncursed potion of gain energy
an uncursed potion of speed
2 uncursed potions of enlightenment
2 uncursed potions of levitation
a blessed potion of gain ability
a cursed potion of gain ability
an uncursed potion of fruit juice
15 potions of holy water
2 uncursed potions of water
an uncursed potion of water
an uncursed potion of gain level
4 uncursed potions of healing
a cursed ring of hunger
a blessed +2 ring of increase accuracy
an uncursed +2 ring of increase damage
an uncursed ring of regeneration
an uncursed ring of polymorph control
an uncursed ring of free action
an uncursed ring of conflict
an uncursed ring of levitation
an uncursed ring of levitation
a cursed ring of levitation
a cursed -2 ring of protection
an uncursed wand of locking (0:5)
an uncursed wand of cold (0:7)
an uncursed wand of slow monster (0:6)
an uncursed wand of digging (0:5)
an uncursed wand of digging (0:3)
an uncursed wand of fire (0:3)
an uncursed wand of magic missile (0:5)
an uncursed wand of magic missile (0:2)
an uncursed wand of sleep (0:0)
an uncursed wand of sleep (0:2)
a blessed wand of speed monster (0:1)
an uncursed wand of speed monster (0:8)
an uncursed wand of striking (0:7)
an uncursed wand of striking (0:4)
an uncursed wand of striking (0:5)
an uncursed wand of striking (0:0)
an uncursed wand of striking (0:1)
an uncursed wand of striking (0:4)
an empty uncursed sack
a blessed wax candle
3 uncursed wax candles
9 uncursed tallow candles
an uncursed mirror
an uncursed tin whistle
an uncursed magic marker (0:64)
an uncursed oil lamp
an uncursed oil lamp
an uncursed +0 pick-axe
an uncursed tinning kit (0:46)
an uncursed +0 unicorn horn
an uncursed +0 unicorn horn
4 uncursed amethyst stones
3 uncursed diamonds
2 uncursed aquamarine stones
6 uncursed emeralds
2 uncursed rubies
2 uncursed jet stones
4 uncursed worthless pieces of black glass
4 uncursed worthless pieces of blue glass
5 uncursed worthless pieces of green glass
an uncursed fluorite stone
4 uncursed worthless pieces of orange glass
an uncursed worthless piece of orange glass
an uncursed jasper stone
an uncursed garnet stone
3 uncursed worthless pieces of red glass
8 uncursed worthless pieces of violet glass
4 uncursed worthless pieces of white glass
3 uncursed worthless pieces of yellowish brown glass
4 uncursed worthless pieces of yellow glass
a blessed luckstone

Contents of the sack named cancellation:

an uncursed wand of cancellation (0:4)
an uncursed wand of cancellation (0:5)

Rustyspoon the Healer's attributes:


Background:

You were a Dresser, a level 11 female gnomish Healer.
You were neutral, on a mission for Hermes
who was opposed by Athena (lawful) and Poseidon (chaotic).
You were in the Dungeons of Doom, on level 11.
You entered the dungeon 20619 turns ago.
You had 12225 experience points, 7775 more were needed to attain level 12.

Basics:

You had 0 out of 94 hit points.
You had all 54 energy points (spell power).
Your armor class was -3.
Your wallet was empty.
Autopickup was on for '$"?!=/' plus thrown, with exceptions.

Final Characteristics:

Your strength was 17 (limit:18/50).
Your dexterity was 16 (limit:18).
Your constitution was 18 (limit:18).
Your intelligence was 9 (limit:19).
Your wisdom was 17 (limit:18).
Your charisma was 17 (limit:18).

Final Status:

You were not hungry.
You were unencumbered.
You were wielding a long sword.
You had basic skill with long sword.

Final Attributes:

You were piously aligned.
You were fire resistant.
You were cold resistant.
Your items were protected from cold.
You were sleep resistant.
You were poison resistant.
You were telepathic.
You had infravision.
You were stealthy.
You had a small defense bonus (+1).
You were protected.
You were fast.
You were extremely lucky.
You had extra luck.
Good luck did not time out for you.
You are dead.

Miscellaneous:
You never encountered a bones level.
Total elapsed playing time was 2 hours, 30 minutes and 4 seconds.

Vanquished creatures:

2 giant mimics
a stalker
3 water demons
3 wargs
a winter wolf
2 small mimics
a warhorse
a xan
a quantum mechanic
a sasquatch
3 gelatinous cubes
3 pyrolisks
a large dog
2 freezing spheres
2 flaming spheres
a shocking sphere
a large cat
2 tigers
a gargoyle
6 tengu
an ochre jelly
2 mountain centaurs
2 elf mummies
a human mummy
a red naga
a pit viper
a wraith
a carnivorous ape
an ettin zombie
2 leather golems
2 Grey-elves
a soldier
an amorous demon
3 chameleons
3 crocodiles
8 giant beetles
a quivering blob
2 cockatrices
13 wolves
7 winter wolf cubs
a lynx
a gremlin
a spotted jelly
7 leprechauns
6 orc-captains
a giant spider
a scorpion
a horse
3 black lights
3 vampire bats
a forest centaur
2 gnome rulers
2 orc mummies
an ogre
a brown pudding
3 owlbears
a yeti
5 gold golems
3 werewolves
4 Green-elves
8 lizards
5 chickatrices
3 dingoes
a dog
a housecat
2 jaguars
a dwarf leader
3 blue jellies
2 white unicorns
a black unicorn
6 dust vortices
3 ravens
a gnome mummy
3 snakes
5 apes
a rope golem
4 Woodland-elves
2 soldier ants
4 fire ants
3 bugbears
3 imps
a quasit
a wood nymph
4 water nymphs
3 mountain nymphs
9 Mordor orcs
13 Uruk-hai
7 orc shamans
2 rock piercers
4 rock moles
a pony
a fog cloud
7 yellow lights
5 shriekers
a violet fungus
3 gnome leaders
a gnomish wizard
2 kobold mummies
3 gray oozes
5 elf zombies
a ghoul
5 straw golems
a paper golem
12 giant ants
2 little dogs
6 floating eyes
a kitten
9 dwarves
5 homunculi
2 kobold shamans
30 hill orcs
14 rothes
a rabid rat
4 centipedes
6 giant bats
4 monkeys
8 orc zombies
a dwarf zombie
a wererat
4 werejackals
11 iguanas
7 acid blobs
9 coyotes
2 gas spores
16 hobbits
11 manes
6 large kobolds
7 hobgoblins
2 orcs
9 giant rats
6 cave spiders
5 brown molds
7 yellow molds
2 green molds
3 red molds
7 gnomes
11 garter snakes
4 gnome zombies
25 geckos
13 jackals
2 foxes
3 kobolds
6 goblins
8 sewer rats
12 grid bugs
4 bats
14 lichens
7 kobold zombies
13 newts
624 creatures vanquished.
No species were genocided or became extinct.

Voluntary challenges:

You read items or engraved 9 times.
You engraved Elbereth 1 time.
You never genocided any monsters.
You never polymorphed an object.
You used no wishes.
You violated the special Sokoban rules once.

Achievements:

You entered the Gnomish Mines.
You entered Minetown.
You attained the rank of Empiric.
You entered Sokoban.
You attained the rank of Embalmer.
You completed Sokoban.
You attained the rank of Dresser.
You completed the Gnomish Mines.
You entered a shop.

The Dungeons of Doom: levels 1 to 12

   Level 1:
Some fountains.
Level 2:
A fountain.
Stairs down to The Gnomish Mines.
Level 3:
Level 4:
A fountain.
Level 5:
Many fountains.
Oracle of Delphi.
Level 6: "stash chest"
A fountain.
Stairs up to Sokoban, level 5.
Level 7:
A fountain, a grave.
Level 8: "backup holding in shop"
A general store, a fountain.
Level 9:
An altar to Hermes.
Level 10:
Level 11: <- You were here.
A sink, a grave.
Summoned by Hippocrates.
Final resting place for
you, killed by a chameleon imitating a minotaur.
Level 12:

The Gnomish Mines: levels 3 to 11

   Level 3:
Level 4:
Level 5:
Level 6:
An altar to Hermes, some fountains.
Level 7:
Level 8:
Level 9:
Level 10:
Level 11:
A fountain.

Sokoban: levels 5 up to 2

   Level 2:
Solved.
Level 3:
Solved.
Level 4:
Solved.
Level 5:
Solved.

Game over:

----------
/ \
/ REST \
/ IN \
/ PEACE \
/ \
| rustyspoon |
| 10533 Au |
| killed by a |
| chameleon |
| imitating a |
| minotaur |
| 2022 |
*| * * * | *
_________)/\\_//(\/(/\)/\//\/|_)_______

Goodbye rustyspoon the Healer...


You died in The Dungeons of Doom on dungeon level 11 with 54916 points,
and 10533 pieces of gold, after 20619 moves.
You were level 11 with a maximum of 94 hit points when you died.